 Dungeon Sprint DCSS version 0.17-a0-1360-g37db002 (webtiles) character file.

2734 Kidiri the Covert (level 9, -6/40 HPs)
             Began as a Spriggan Enchanter on June 11, 2015.
             Was an Elder of Dithmenos.
             Mangled by Wiglaf
             ... wielding a +2 war axe of holy wrath
              (12 damage)
             ... in the Dungeon (Sprint III: "The Ten Rune Challenge").
             The game lasted 00:07:40 (1103 turns).

Kidiri the Covert (Spriggan Enchanter)              Turns: 1103, Time: 00:07:40

Health: -6/40      AC:  5    Str:  4    XL:     9   Next: 40%
Magic:  19/25      EV: 30    Int: 18    God:    Dithmenos [****..]
Gold:   33         SH:  0    Dex: 18    Spells: 5 memorised, 19 levels left

rFire  . . .     SeeInvis +     a - +1 dagger
rCold  . . .     Rnd*Rage +     u - +2 robe {MR+}
rNeg   . . .     SustAt   .     (shield restricted)
rPois  .         Gourm    .     (helmet restricted)
rElec  .         Spirit   .     (no cloak)
rCorr  .         Warding  .     (gloves unavailable)
rMut   .         NoTele   +     (boots unavailable)
MR     ++...                    (no amulet)
Stlth  +++++++++.               (no ring)
                                (no ring)

@: wreathed by umbra, very quick, very resistant to hostile enchantments,
incredibly stealthy
A: unfitting armour, talons 1, rugged brown scales 1, see invisible, berserk 1,
herbivore 3, speed 3, sense surroundings 1, slow healing 1, slow metabolism 2
a: Shadow Step, Renounce Religion


You were in the Dungeon.
You worshipped Dithmenos.
Dithmenos was greatly pleased with you.
You were not hungry.

You visited 1 branch You collected 33 gold pieces.

Inventory:

Hand weapons
 a - a +1 dagger (weapon)
Missiles
 b - 10 throwing nets (quivered)
Armour
 u - a +2 robe of magic resistance (worn)
Magical devices
 t - a wand of enslavement (18)
Scrolls
 j - a scroll of blinking
 k - 4 scrolls of remove curse
 n - a scroll of recharging
Potions
 e - 3 potions of curing
 f - a potion of heal wounds
 g - a potion of haste
 h - 2 potions of magic
 i - a potion of berserk rage
 o - a potion of invisibility {unknown}
 p - 2 potions of flight
 s - 3 potions of cure mutation
Books
 c - a book of Maledictions

   Spells                             Type                      Level
   a - Corona                         Hexes                        1
   b - Ensorcelled Hibernation        Hexes/Ice                    2
   c - Confuse                        Hexes                        3
   d - Tukima's Dance                 Hexes                        3
   e - Dazzling Spray                 Conjuration/Hexes            3
 l - a Grand Grimoire {highlevel, unknown}

   This book is beyond your current level of understanding.

   Spells                             Type                      Level
   a - Monstrous Menagerie            Summoning                    6
   b - Summon Greater Demon           Summoning                    7
   c - Malign Gateway                 Summoning/Translocation      7
   d - Summon Horrible Things         Summoning                    8
Comestibles
 d - 2 bread rations
 r - 2 royal jellies


   Skills:
 + Level 7.5 Short Blades
 + Level 1.3 Throwing
 * Level 13.5 Dodging
 * Level 14.8 Stealth
 * Level 11.7 Spellcasting
 + Level 4.7 Conjurations
 + Level 9.2 Hexes
 + Level 5.0 Ice Magic
 + Level 4.8 Invocations


You had 19 spell levels left.
You knew the following spells:

 Your Spells              Type           Power        Failure   Level  Hunger
a - Corona                Hex            #####..      1%          1    None
b - Ensorcelled Hibernat  Hex/Ice        #####.       1%          2    None
c - Confuse               Hex            #####...     1%          3    None
d - Tukima's Dance        Hex            #####...     1%          3    None
e - Dazzling Spray        Conj/Hex       #####...     1%          3    None


Dungeon Overview and Level Annotations

Branches:
Dungeon (1/1)

Altars:
Cheibriados
Dithmenos
Elyvilon
Fedhas
Gozag
Kikubaaqudgha
Makhleb
Nemelex Xobeh
Okawaru
Qazlal
Ru
Sif Muna
Trog
Vehumet
Xom
Yredelemnul
Zin
The Shining One
Jiyva
Lugonu

Annotations:
D Frances, Wiglaf


Innate Abilities, Weirdness & Mutations

You are tiny and cannot use many weapons and most armour.
You have supernaturally acute eyesight.
You are a herbivore.
You cover ground extremely quickly.
You need consume almost no food.
You have sharp toenails.
You are partially covered in rugged brown scales (AC +1, +3% HP).
You tend to lose your temper in combat.
You passively map a small area around you.
You heal slowly when monsters are visible.


Message History

Aiming: Dazzling Spray
Press: ? - help, Shift-Dir - straight line, f/p - Frances
Aim: Frances, wielding a blowgun (lightly wounded, fast, umbra)
The spray of energy hits Wiglaf.
Wiglaf is lightly wounded.
The spray of energy hits the sixfirhy.
The sixfirhy is moderately wounded.
The sixfirhy is dazzled.
Wiglaf hits you with a war axe of holy wrath!!
Ouch! That really hurt!
* * * LOW HITPOINT WARNING * * *
You emit a cloud of dark smoke.
Things that are here:
an enchanted giant club; a robe You closely miss Wiglaf.
Your kick misses Wiglaf.
Wiglaf is lightly wounded.
Wiglaf hits you with a war axe of holy wrath.
* * * LOW HITPOINT WARNING * * *
Wiglaf hits you with a war axe of holy wrath!
You die...

#?_# , , * ≈ , #'##, , , *
,* ≈ , ...# , , , , ,, * ,
, ...# , , , ##'# * ,** *
...#+#####################*
...#)..)#.#.#)....#(.....+
≈
...##.#).#.##.###§#......#
...'##.#.#.##.#§@##4.....#
≈
...#...#..#..##§§g@§.....#
▓▓▓▓▓▓▓▓▓▓▓▓▓▓▓▓▓#3§.....#
, , #.......#, ≈ ≈ ≈ * ,
+.......# * ** * * *
,#4......# ##'###### * * *
**#...+ ≈ ≈ * ≈ ≈ #...#,≈≈


You could see Wiglaf, Frances and a chaos spawn.

Vanquished Creatures
  Erolcha (D)
  A deep elf priest (D)
  2 trapdoor spiders (D)
  A redback (D)
  A shadow (D)
  2 hill giants (D)
  A spatial vortex (D)
  A necrophage (D)
  3 two-headed ogres (D)
  A water elemental (D)
  A scorpion (D)
  A jelly (D)
  A necromancer (D)
  A wizard (D)
  3 humans (D)
  A kobold demonologist (D)
  An ooze (D)
  3 rats (D)
26 creatures vanquished.

Vanquished Creatures (others)
  2 draconian scorchers (D)
  A yaktaur (D)
3 creatures vanquished.

Grand Total: 29 creatures vanquished

Notes
Turn   | Place    | Note
--------------------------------------------------------------
     0 | D        | Kidiri the Spriggan Enchanter began the quest for the Orb.
     0 | D        | Reached XP level 1. HP: 9/9 MP: 5/5
    73 | D        | Killed a yaktaur
    96 | D        | Reached skill level 5 in Stealth
   123 | D        | Noticed a scorpion
   130 | D        | Killed a scorpion
   130 | D        | Reached skill level 5 in Dodging
   130 | D        | Reached skill level 7 in Stealth
   130 | D        | Reached skill level 5 in Spellcasting
   130 | D        | Reached XP level 2. HP: 13/13 MP: 6/9
   130 | D        | Reached XP level 3. HP: 16/16 MP: 6/10
   150 | D        | Learned a level 2 spell: Ensorcelled Hibernation
   154 | D        | Learned a level 3 spell: Confuse
   158 | D        | Learned a level 3 spell: Tukima's Dance
   162 | D        | Learned a level 3 spell: Dazzling Spray
   163 | D        | Gained mutation: You heal slowly when monsters are visible. [potion of mutation]
   163 | D        | Gained mutation: You have sharp toenails. [potion of mutation]
   163 | D        | Gained mutation: You are partially covered in rugged brown scales (AC +1, +3% HP). [potion of mutation]
   164 | D        | Gained mutation: You tend to lose your temper in combat. [potion of mutation]
   164 | D        | Gained mutation: You passively map a small area around you. [potion of mutation]
   167 | D        | Killed a white draconian scorcher
   186 | D        | Killed a white draconian scorcher
   195 | D        | Reached skill level 5 in Hexes
   195 | D        | Reached XP level 4. HP: 21/21 MP: 8/12
   235 | D        | Noticed a water elemental
   238 | D        | Killed a water elemental
   238 | D        | Reached skill level 8 in Stealth
   238 | D        | Reached skill level 1 in Conjurations
   238 | D        | Reached skill level 1 in Ice Magic
   238 | D        | Reached XP level 5. HP: 24/24 MP: 12/14
   247 | D        | Noticed a jelly
   248 | D        | Noticed a shadow
   250 | D        | Killed a shadow
   250 | D        | Reached skill level 10 in Stealth
   250 | D        | Reached XP level 6. HP: 28/28 MP: 13/17
   254 | D        | Killed a jelly
   260 | D        | Found a stormy altar of Qazlal.
   260 | D        | Noticed a spatial vortex
   261 | D        | Found a sacrificial altar of Ru.
   261 | D        | Found a burning altar of Makhleb.
   261 | D        | Found a viscous altar of Jiyva.
   261 | D        | Found a shimmering altar of Xom.
   261 | D        | Found a shadowy altar of Dithmenos.
   261 | D        | Found a sparkling altar of Nemelex Xobeh.
   261 | D        | Found a corrupted altar of Lugonu.
   261 | D        | Found an opulent altar of Gozag.
   262 | D        | Killed a spatial vortex
   262 | D        | Reached skill level 5 in Short Blades
   262 | D        | Reached skill level 11 in Stealth
   266 | D        | Became a worshipper of Dithmenos the Shadowed
   289 | D        | Found a radiant altar of Vehumet.
   289 | D        | Found a deep blue altar of Sif Muna.
   289 | D        | Found an ancient bone altar of Kikubaaqudgha.
   289 | D        | Noticed a wizard
   291 | D        | Killed a wizard
   293 | D        | Reached skill level 10 in Dodging
   310 | D        | Found a glowing silver altar of Zin.
   311 | D        | Found a glowing golden altar of the Shining One.
   311 | D        | Found a white marble altar of Elyvilon.
   311 | D        | Noticed a deep elf priest
   313 | D        | Killed a deep elf priest
   313 | D        | Reached skill level 1 in Invocations
   313 | D        | Reached XP level 7. HP: 32/32 MP: 18/20
   319 | D        | Found an iron altar of Okawaru.
   319 | D        | Found a bloodstained altar of Trog.
   319 | D        | Noticed a human
   319 | D        | Noticed a human
   338 | D        | Killed a human
   338 | D        | Reached skill level 12 in Stealth
   339 | D        | Killed a human
   411 | D        | Found a basalt altar of Yredelemnul.
   411 | D        | Found a snail-covered altar of Cheibriados.
   411 | D        | Found a blossoming altar of Fedhas.
   411 | D        | Noticed a necrophage
   411 | D        | Noticed a necromancer
   416 | D        | Killed a necromancer
   416 | D        | Acquired Dithmenos's first power
   441 | D        | Killed a necrophage
   441 | D        | Reached skill level 10 in Spellcasting
   441 | D        | Reached XP level 8. HP: 31/37 MP: 23/23
   499 | D        | Noticed a two-headed ogre
   499 | D        | Noticed a two-headed ogre
   511 | D        | Noticed a two-headed ogre
   512 | D        | Killed a two-headed ogre
   519 | D        | Killed a two-headed ogre
   519 | D        | Reached skill level 13 in Stealth
   524 | D        | Killed a two-headed ogre
   524 | D        | Acquired Dithmenos's second power
   588 | D        | Noticed a hill giant
   591 | D        | Killed a hill giant
   596 | D        | Noticed a hill giant
   596 | D        | Noticed Erolcha
   598 | D        | Killed Erolcha
   598 | D        | Reached skill level 14 in Stealth
   598 | D        | Reached XP level 9. HP: 40/40 MP: 23/25
   599 | D        | Killed a hill giant
   607 | D        | Noticed a redback
   624 | D        | Killed a redback
   636 | D        | Noticed a trapdoor spider
   638 | D        | Killed a trapdoor spider
   638 | D        | Acquired Dithmenos's third power
   638 | D        | Reached skill level 5 in Ice Magic
   645 | D        | Noticed a trapdoor spider
   647 | D        | Killed a trapdoor spider
   647 | D        | Reached skill level 1 in Throwing
   699 | D        | Noticed Wiglaf
   699 | D        | Noticed Frances
   719 | D        | Noticed a soul eater
   719 | D        | Noticed an orange demon
  1096 | D        | Noticed a hellwing
  1099 | D        | Noticed a sixfirhy
  1099 | D        | Noticed a rust devil
  1103 | D        | Mangled by Wiglaf

Vault maps used:
D:        dungeon_sprint_mu

Action                   |  1- 3 |  4- 6 |  7- 9 || total
-------------------------+-------+-------+-------++-------
Melee: Dagger            |    18 |     7 |    62 ||    87
 Cast: Ensorcelled Hiber |     1 |       |     6 ||     7
       Dazzling Spray    |       |       |    10 ||    10
       Confuse           |       |       |     1 ||     1
Invok: Shadow Step       |       |       |     1 ||     1
  Use: Potion            |     2 |       |       ||     2
       Scroll            |       |       |     2 ||     2
 Stab: Sleeping          |     3 |     7 |     7 ||    17
       Invisible         |       |       |     5 ||     5
